 Dungeon Crawl Stone Soup version 0.21.1-1-g345015fe64 (webtiles) character file.

12041 Oravi the Slicer (level 12, -3/72 HPs)
             Began as a Halfling Fighter on Mar 29, 2018.
             Was a High Priest of Okawaru.
             Killed by Ozocubu's Refrigeration
             ... invoked by Fannar
              (21 damage)
             ... on level 10 of the Dungeon.
             The game lasted 01:02:11 (13018 turns).

Oravi the Slicer (Halfling Fighter)                Turns: 13018, Time: 01:02:12

Health: -3/72      AC: 24    Str: 21    XL:     12   Next: 15%
Magic:  12/15      EV: 18    Int:  6    God:    Okawaru [*****.]
Gold:   582        SH: 17    Dex: 15    Spells: 11/11 levels left

rFire    + + .     SeeInvis .   a - +0 rapier
rCold    x . .     Gourm    .   c - +2 shield
rNeg     + . .     Faith    .   I - +0 fire dragon scales
rPois    .         Spirit   .   P - +2 helmet
rElec    .         Reflect  .   j - +2 cloak {+Inv}
rCorr    .         Harm     .   m - +1 pair of gloves
MR       .....                  (no boots)
Stlth    +.........             t - amulet of rage
HPRegen  0.22/turn              G - ring of positive energy
MPRegen  0.14/turn              E - +2 ring of protection

@: heroism, berserk cooldown, slowed, very slow
A: small, mutation resistance 1
a: Heroism, Finesse, Renounce Religion, Evoke Berserk Rage, Evoke Invisibility


You were on level 10 of the Dungeon.
You worshipped Okawaru.
Okawaru was extremely pleased with you.
You were near starving.

You visited 2 branches of the dungeon, and saw 11 of its levels.
You also visited: Sewer.

You collected 582 gold pieces.

Inventory:

Hand Weapons
 a - a +0 rapier (weapon)
 r - a +0 hunting sling
 x - a +4 dagger
Missiles
 i - 314 stones (quivered)
 n - 80 sling bullets
Armour
 b - a +0 scale mail
 c - a +2 shield (worn)
 j - a +2 cloak of invisibility (worn)
 m - a +1 pair of gloves (worn)
 B - a +0 leather armour of poison resistance
 I - +0 fire dragon scales (worn)
 P - a +2 helmet (worn)
Jewellery
 h - an uncursed amulet of harm
 t - an amulet of rage (around neck)
 v - an uncursed ring of fire
 E - a +2 ring of protection (right hand)
 G - a ring of positive energy (left hand)
Wands
 o - a wand of enslavement (14)
 K - a wand of digging (8)
 L - a wand of acid (1)
 M - a wand of paralysis (10)
 O - a wand of polymorph (7)
Scrolls
 l - 3 scrolls of identify
 q - a scroll of amnesia
 y - 3 scrolls of remove curse
 F - 2 scrolls of fear
 N - a scroll of fog
Potions
 e - a potion of heal wounds
 g - a potion of ambrosia
 k - 3 potions of curing
 s - a potion of flight
 u - 3 potions of mutation
 w - a potion of agility
 z - 2 potions of lignification
 A - a potion of might
 D - a potion of berserk rage
 H - a potion of cancellation
 J - a potion of magic {unknown}
Comestibles
 f - 20 rations


   Skills:
 + Level 2.8(7.8) Fighting
 - Level 14.0(19.0) Short Blades
 + Level 7.6(12.6) Armour
 + Level 5.5(10.5) Dodging
 + Level 10.8(15.8) Shields
 * Level 4.1 Invocations
 * Level 5.1 Evocations


You had 11 spell levels left.
You didn't know any spells.

Dungeon Overview and Level Annotations

Branches:
Dungeon (10/15)            Temple (1/1) D:7            Lair (0/6) D:8
    Orc: D:9-12

Altars:
Ashenzari
Cheibriados
Dithmenos
Elyvilon
Fedhas
Gozag
Hepliaklqana
Kikubaaqudgha
Makhleb
Nemelex Xobeh
Okawaru
Qazlal
Ru
Sif Muna
Trog
Uskayaw
Vehumet
Wu Jian
Xom
Yredelemnul
Zin
The Shining One

Annotations:
D:10 Fannar


Innate Abilities, Weirdness & Mutations

You are small and have problems with some larger weapons.
You are somewhat resistant to further mutation.


Message History

You block the ice beast's attack.
Found 17 gold pieces.
You block the ice beast's attack. The ice beast barely misses you.
You block the ice beast's attack.
Fannar gestures wildly while chanting.
Fannar drains the heat from the surrounding environment!
You feel a terrible chill!
You feel very cold.
Fannar is frozen.
Fannar resists.
Fannar is lightly wounded.
The ice beast hits you. The ice beast freezes you!
You feel a terrible chill! The ice beast hits you. The ice beast freezes you!!
You feel a terrible chill!
* * * LOW HITPOINT WARNING * * *
You block the ice beast's attack.
Found an escape hatch in the ceiling.
You gain the combat prowess of a mighty hero.
The ice beast misses you. You block the ice beast's attack.
Fannar gestures wildly while chanting.
Fannar drains the heat from the surrounding environment!
You feel a terrible chill!
You feel very cold.
You die...

#.............# #....(....#
#.............# #.....(...#
#>............# #....$....#
#.............# #......>..#
#.............# #.........#**
#.............# #...........,
#...........e.####............
#..).)......YYY$..........####
#..))........@.......$....#
#.........................#
#....................,,,,,*
***#...................#****,*
,,.....................# *,*
,..........)...[.......# *,*
.......................# *,*
####..............<....# *,*
*,,,,,,,,,,,,,,,,,,,* *,*


You could see Fannar and 3 ice beasts.

Vanquished Creatures
  Erica (D:10)
  3 two-headed ogres
  The ghost of Wolfborn the Covert, a novice OpAs of Wu Jian (D:10)
  2 cyclopes
  Maurice (D:10)
  2 centaur skeletons
  A gargoyle (D:10)
  A troll (D:10)
  A hippogriff (D:8)
  A wyvern (D:10)
  8 yaks
  Edmund (D:5)
  A water moccasin (D:6)
  3 orc warriors
  A porcupine (D:8)
  Duvessa (D:7)
  A phantom (D:9)
  A sky beast (D:5)
  3 black bears
  3 ice beasts
  2 necrophages
  2 ogres
  5 centaurs
  2 crocodiles
  A big kobold (D:7)
  7 bullfrogs
  Dowan (D:7)
  A wyvern zombie (D:9)
  4 scorpions
  6 killer bees
  8 wights
  2 jellies
  A howler monkey (D:7)
  8 crimson imps
  3 centaur zombies
  A bullfrog zombie (D:6)
  A quasit (D:9)
  4 hounds
  8 orc wizards
  5 orc priests
  Crazy Yiuf (D:2)
  2 bullfrog skeletons
  Jessica (D:3)
  Terence (D:3)
  3 iguanas
  5 worker ants
  2 killer bee zombies
  3 hound skeletons
  2 worker ant zombies
  15 gnolls
  12 adders
  A shadow imp (D:8)
  An adder skeleton (D:9)
  3 worms
  5 dart slugs
  7 leopard geckos
  30 orcs
  5 ball pythons
  4 bats
  6 giant cockroaches
  4 goblins
  4 hobgoblins
  11 jackals
  10 quokkas
  6 frilled lizards
  A jackal zombie (D:5)
  16 kobolds
  2 leopard gecko skeletons
  3 quokka skeletons
  12 rats
287 creatures vanquished.

Notes
Turn   | Place    | Note
-------+----------+-------------------------------------------
     0 | D:1      | Oravi the Halfling Fighter began the quest for the Orb.
     0 | D:1      | Reached XP level 1. HP: 15/15 MP: 1/1
   111 | D:1      | Reached skill level 3 in Short Blades
   111 | D:1      | Reached XP level 2. HP: 20/20 MP: 2/2
   363 | D:1      | Reached skill level 4 in Short Blades
   363 | D:1      | Reached XP level 3. HP: 22/25 MP: 3/3
  1158 | D:1      | Reached skill level 5 in Short Blades
  1158 | D:1      | Reached XP level 4. HP: 6/30 MP: 4/4
  1486 | D:2      | Reached XP level 5. HP: 28/35 MP: 5/5
  1607 | D:2      | Found a runed door.
  1639 | D:2      | Reached skill level 6 in Short Blades
  1779 | D:2      | Found a shattered altar of Ashenzari.
  2033 | D:2      | Noticed Crazy Yiuf
  2046 | D:2      | Killed Crazy Yiuf
  2046 | D:2      | Reached skill level 7 in Short Blades
  2046 | D:2      | Reached XP level 6. HP: 24/41 MP: 6/6
  2227 | D:3      | Noticed Terence
  2234 | D:3      | Killed Terence
  2303 | D:3      | Noticed Jessica
  2312 | D:3      | Killed Jessica
  3292 | D:4      | Reached skill level 8 in Short Blades
  3534 | D:4      | Noticed a necrophage
  3549 | D:4      | Killed a necrophage
  3549 | D:4      | Reached XP level 7. HP: 41/44 MP: 7/7
  3604 | D:4      | Reached skill level 9 in Short Blades
  3733 | D:4      | Found a glowing drain.
  3756 | Sewer    | Entered a sewer
  4376 | D:5      | Entered Level 5 of the Dungeon
  4525 | D:5      | Found a burning altar of Makhleb.
  4537 | D:5      | Reached skill level 10 in Short Blades
  4674 | D:5      | Reached XP level 8. HP: 48/50 MP: 8/8
  4915 | D:5      | Noticed Edmund
  5387 | D:5      | Reached skill level 11 in Short Blades
  6393 | D:6      | Reached skill level 12 in Short Blades
  6613 | D:6      | Reached XP level 9. HP: 55/55 MP: 9/9
  6641 | D:6      | Reached skill level 1 in Dodging
  7194 | D:6      | Reached skill level 5 in Shields
  7671 | D:7      | Noticed Dowan
  7672 | D:7      | Noticed Duvessa
  7702 | D:7      | Killed Duvessa
  7702 | D:7      | Reached skill level 5 in Armour
  7711 | D:7      | Killed Dowan
  7884 | D:7      | Found a bloodstained altar of Trog.
  8246 | D:7      | Found a staircase to the Ecumenical Temple.
  8255 | Temple   | Entered the Ecumenical Temple
  8280 | Temple   | Became a worshipper of Warmaster Okawaru
  8503 | D:7      | Found an ornate altar of the Wu Jian Council.
  8795 | D:7      | Reached XP level 10. HP: 39/61 MP: 10/10
  8913 | D:8      | Reached skill level 1 in Evocations
  8938 | D:8      | Reached * piety under Okawaru
  8967 | D:8      | Found a sacrificial altar of Ru.
  9336 | D:8      | Found a white marble altar of Elyvilon.
  9413 | D:8      | Noticed a two-headed ogre
  9474 | D:8      | Killed a two-headed ogre
  9474 | D:8      | Reached ** piety under Okawaru
  9474 | D:8      | Reached skill level 1 in Invocations
  9817 | D:8      | Found a staircase to the Lair.
  9938 | D:8      | Reached *** piety under Okawaru
 10460 | D:9      | Noticed a two-headed ogre
 10483 | D:9      | Killed a two-headed ogre
 10483 | D:9      | Reached XP level 11. HP: 30/66 MP: 11/13
 10694 | D:9      | Noticed a cyclops
 10932 | D:9      | Noticed a two-headed ogre
 10940 | D:9      | Reached skill level 13 in Short Blades
 10953 | D:9      | Killed a two-headed ogre
 11077 | D:9      | Killed a cyclops
 11267 | D:9      | Reached **** piety under Okawaru
 11385 | D:9      | Reached skill level 10 in Shields
 11666 | D:9      | Found an opulent altar of Gozag.
 11689 | D:9      | Reached skill level 5 in Dodging
 12273 | D:5      | Killed Edmund
 12398 | D:10     | Entered Level 10 of the Dungeon
 12567 | D:10     | Noticed Maurice
 12586 | D:10     | Noticed Erica
 12588 | D:10     | Killed Maurice
 12588 | D:10     | Reached ***** piety under Okawaru
 12600 | D:10     | Killed Erica
 12665 | D:10     | Noticed a cyclops
 12687 | D:10     | Killed a cyclops
 12687 | D:10     | Reached XP level 12. HP: 48/72 MP: 8/15
 12732 | D:10     | Reached skill level 14 in Short Blades
 12748 | D:10     | Reached skill level 5 in Evocations
 12949 | D:10     | Noticed Wolfborn's ghost (novice OpAs)
 12950 | D:10     | Noticed Fannar
 12988 | D:10     | Killed Wolfborn's ghost
 13018 | D:10     | Killed from afar by Fannar

Skill      XL: |  1  2  3  4  5  6  7  8  9 10 11 12 |
---------------+-------------------------------------+-----
Short Blades   | 3 4 5 7 8 10 12 13 14 | 14.0
Dodging        | 3 4 5 |  5.5
Shields        | 7 9 10 | 10.8
Armour         | 5 6 7 |  7.6
Evocations     | 3 4 5 |  5.1
Invocations    | 3 4 |  4.1
Fighting       | |  2.8

Action                   |  1- 3 |  4- 6 |  7- 9 | 10-12 || total
-------------------------+-------+-------+-------+-------++-------
Melee: Rapier            |    73 |   291 |   354 |   808 ||  1526
       Dagger            |       |       |   317 |       ||   317
       Unarmed           |       |       |       |    15 ||    15
Invok: Heroism           |       |       |       |    12 ||    12
       Finesse           |       |       |       |     2 ||     2
 Abil: Evoke Berserk Rag |       |       |       |     1 ||     1
Evoke: Wand              |       |       |       |     4 ||     4
  Use: Potion            |     1 |     3 |     1 |     1 ||     6
       Scroll            |       |    11 |    11 |     5 ||    27
 Stab: Confused          |       |       |       |     3 ||     3
  Eat: Chunk             |       |     9 |    17 |    10 ||    36
       Ration            |       |       |       |     1 ||     1
Armor: Scale mail        |    34 |   105 |   167 |    19 ||   325
       Fire dragon scale |       |       |       |   103 ||   103
       Skin              |       |       |       |     1 ||     1
Dodge: Dodged            |    36 |    88 |   124 |   193 ||   441
Block: Shield            |    51 |   154 |   279 |   382 ||   866
